 Dungeon Crawl Stone Soup version 0.29-a0-330-g52719c12eb (webtiles) character file.

Game seed: 5814015580903900968

1624 HoaS the Archer (level 8, -5/44 HPs)
             Began as a Gargoyle Hunter on May 17, 2022.
             Was an Initiate of Makhleb.
             Slain by a killer bee (7 damage)
             ... on level 7 of the Dungeon.
             The game lasted 00:10:43 (4695 turns).

HoaS the Archer (Gargoyle Hunter)                   Turns: 4695, Time: 00:10:44

Health: -5/44      AC: 11    Str: 15    XL:     8   Next: 97%
Magic:  8/8        EV: 11    Int: 10    God:    Makhleb [......]
Gold:   277        SH:  0    Dex: 15    Spells: 7/7 levels left

rFire   . . .      SeeInvis .   a - +3 shortbow
rCold   . . .      Faith    .   (shield currently unavailable)
rNeg    + . .      Spirit   .   f - +1 ring mail
rPois   ∞          Reflect  .   (no helmet)
rElec   +          Harm     .   (no cloak)
rCorr   .          Rampage  .   (no gloves)
Will    .....                   (no boots)
Stlth   +.........              t - amulet of regeneration
HPRegen 0.94/turn               m - ring of flight
MPRegen 0.11/turn               (no ring)

@: flying
A: sickness immunity, AC +5, negative energy resistance 1, electricity
resistance, torment resistance 1, petrification resistance
a: Renounce Religion


You were on level 7 of the Dungeon.
You worshipped Makhleb.
Makhleb was noncommittal.
You visited 2 branches of the dungeon, and saw 8 of its levels.

You collected 277 gold pieces.

Inventory:

Hand Weapons
 a - a +3 shortbow (weapon)
Armour
 f - a +1 ring mail (worn)
Jewellery
 m - a ring of flight (left hand)
 t - an amulet of regeneration (around neck)
Wands
 b - a wand of iceblast (3)
 n - a wand of charming (2)
 o - a wand of flame (30)
Scrolls
 c - 3 scrolls of immolation
 r - a scroll of blinking
Potions
 d - a potion of magic
 e - a potion of resistance {unknown}
 g - a potion of ambrosia {unknown}
 h - 2 potions of mutation
 j - 3 potions of heal wounds {unknown}
 k - a potion of might {unknown}
 l - 2 potions of invisibility {unknown}
 p - a potion of cancellation {unknown}
 q - 2 potions of haste {unknown}


   Skills:
 - Level 2.1 Fighting
 * Level 11.7 Bows
 - Level 1.5 Dodging
 - Level 1.1 Stealth


You had 7 spell levels left.
You didn't know any spells.
Your spell library contained the following spells:

 Spells                   Type           Power      Damage    Failure   Level
 Summon Small Mammal      Summ           0%         N/A       58%         1
 Corpse Rot               Necr/Air       0%         N/A       75%         2
 Poisonous Vapours        Pois/Air       0%         N/A       75%         2
 Scorch                   Fire           0%         2d5       75%         2
 Call Canine Familiar     Summ           0%         N/A       92%         3
 Gell's Gravitas          Tloc           0%         N/A       92%         3
 Portal Projectile        Hex/Tloc       0%         N/A       92%         3
 Stone Arrow              Conj/Erth      0%         3d7       92%         3
 Summon Guardian Golem    Hex/Summ       0%         N/A       92%         3
 Teleport Other           Tloc           0%         N/A       92%         3
 Animate Armour           Summ/Erth      0%         N/A       100%        4
 Flame Wave               Conj/Fire      0%         2d4       100%        4
 Leda's Liquefaction      Hex/Erth       0%         N/A       100%        4
 Dispersal                Tloc           0%         N/A       100%        6
 Summon Cactus Giant      Summ           0%         N/A       100%        6
 Lehudib's Crystal Spear  Conj/Erth      0%         10d2      100%        8


Dungeon Overview and Level Annotations

Branches:
Dungeon (7/15)             Temple (1/1) D:5

Altars:
Ashenzari
Dithmenos
Elyvilon
Gozag
Hepliaklqana
Makhleb
Qazlal
Sif Muna
Trog
Vehumet
Xom
Yredelemnul
The Shining One

Shops:
D:2 !   D:3 (   D:4 *


Innate Abilities, Weirdness & Mutations

You are immune to sickness and miasma.
Your stone body is resilient. (AC +5)
You are immune to poison.
You resist negative energy. (rN+)
You are resistant to electric shocks. (rElec)
You are resistant to unholy torment.
You are immune to petrification.


Message History

* * * LOW HITPOINT WARNING * * *
The killer bee closely misses you.
Shoot: a) +3 shortbow
Press: ? - help, Q - select action, (/) - cycle Shift-Dir - straight line, f/p - killer bee
Aim: a killer bee (45% to hit)
You shoot an arrow.
The arrow barely misses the killer bee. x2
The killer bee stings you.
* * * LOW HITPOINT WARNING * * *
The killer bee barely misses you.
Shoot: a) +3 shortbow
Press: ? - help, Q - select action, (/) - cycle Shift-Dir - straight line, f/p - killer bee
Aim: a killer bee (45% to hit)
You shoot an arrow.
The arrow completely misses the killer bee.
The arrow misses the killer bee.
The killer bee barely misses you.
The killer bee stings you but does no damage.
Shoot: a) +3 shortbow
Press: ? - help, Q - select action, (/) - cycle Shift-Dir - straight line, f/p - killer bee
Aim: a killer bee (45% to hit)
You shoot an arrow. The arrow hits the killer bee.
The killer bee is lightly wounded.
The killer bee closely misses you. The killer bee completely misses you.
Shoot: a) +3 shortbow
Press: ? - help, Q - select action, (/) - cycle Shift-Dir - straight line, f/p - killer bee
Aim: a killer bee (lightly wounded, 45% to hit)
You shoot an arrow. The arrow hits the killer bee!
The killer bee is severely wounded.
The killer bee stings you.
* * * LOW HITPOINT WARNING * * *
The killer bee stings you but does no damage.
Shoot: a) +3 shortbow
Press: ? - help, Q - select action, (/) - cycle Shift-Dir - straight line, f/p - killer bee
Aim: a killer bee (severely wounded, 45% to hit)
You shoot an arrow.
The arrow closely misses the killer bee.
The arrow misses the killer bee.
The killer bee stings you but does no damage.
The killer bee stings you!
You die...

### #...
###.#.###
........#
###.#.#{#########
#.............y.y
###.#.###y#######
.......@yy.......
#.#.#.###y.......
#.# ######### #


You could see 4 killer bees.

Vanquished Creatures
  Grinder (D:5)
  An ice beast (D:6)
  2 ogres (D:5)
  A kobold brigand (D:5)
  2 necrophages (D:5)
  A bullfrog (D:6)
  2 scorpions
  3 wights (D:6)
  2 killer bees (D:7)
  4 hounds
  A jelly (D:6)
  3 iguanas
  An orc wizard (D:5)
  Ijyb (D:3)
  Natasha (thrice) (D:3)
  3 gnolls (D:4)
  7 adders
  2 white imps
  A worm (D:4)
  A dart slug (D:2)
  12 orcs
  4 endoplasms
  3 giant cockroaches (D:1)
  7 goblins
  7 hobgoblins
  3 jackals (D:1)
  2 quokkas (D:2)
  5 ball pythons
  4 bats
  6 frilled lizards
  9 kobolds
  9 rats
113 creatures vanquished.

Vanquished Creatures (others)
  3 plants (D:3)
3 creatures vanquished.

Grand Total: 116 creatures vanquished

Notes
Turn   | Place    | Note
-------+----------+-------------------------------------------
     0 | D:1      | HoaS the Gargoyle Hunter began the quest for the Orb.
     0 | D:1      | Reached XP level 1. HP: 12/12 MP: 1/1
   113 | D:1      | Reached XP level 2. HP: 17/17 MP: 2/2
   300 | D:1      | Found a faded altar of an unknown god.
   390 | D:1      | Reached XP level 3. HP: 21/21 MP: 3/3
   416 | D:1      | Reached skill level 5 in Bows
   788 | D:2      | Found Hoyffoet's Distillery.
  1465 | D:2      | Reached XP level 4. HP: 26/26 MP: 4/4
  1540 | D:3      | Noticed Natasha
  1545 | D:3      | Killed Natasha
  1638 | D:3      | Noticed Natasha
  1642 | D:3      | Killed Natasha
  1643 | D:3      | Reached skill level 6 in Bows
  1643 | D:3      | Reached XP level 5. HP: 30/30 MP: 5/5
  1807 | D:3      | Noticed Ijyb
  1809 | D:3      | Noticed Natasha
  1821 | D:3      | Killed Ijyb
  1826 | D:3      | Killed Natasha
  2157 | D:3      | Found Xaosmuen's Antique Weapon Emporium.
  2398 | D:4      | Reached skill level 7 in Bows
  2398 | D:4      | Reached XP level 6. HP: 26/35 MP: 6/6
  3052 | D:4      | Found Kuucw's Assorted Antiques.
  3279 | D:5      | Entered Level 5 of the Dungeon
  3358 | D:5      | Reached skill level 8 in Bows
  3377 | D:5      | Reached XP level 7. HP: 11/40 MP: 7/7
  3761 | D:5      | Reached skill level 9 in Bows
  4021 | D:5      | Found a staircase to the Ecumenical Temple.
  4039 | Temple   | Entered the Ecumenical Temple
  4141 | Temple   | Became a worshipper of Makhleb the Destroyer
  4162 | D:5      | Noticed Grinder
  4182 | D:5      | Paralysed by Grinder for 4 turns
  4187 | D:5      | Killed Grinder
  4188 | D:5      | Reached skill level 10 in Bows
  4188 | D:5      | Reached XP level 8. HP: 35/44 MP: 8/8
  4625 | D:6      | Reached skill level 11 in Bows
  4630 | D:6      | Noticed a wyvern
  4633 | D:6      | Noticed a gargoyle
  4663 | D:7      | Noticed a shadow
  4694 | D:7      | HP: 1/44 [killer bee (6)]
  4695 | D:7      | Slain by a killer bee

Illustrated notes

Levels and vault maps discovered:
D:1:      minmay_arrival_five_plusses, layout_rooms,
          hellmonk_ecumenical_altar_heavens_door, wad_floor_pattern_untrapped,
          chequers_serial_rivers_large_a, minivault_26
D:2:      layout_loops_corners, serial_shops, nicolae_square_shop
D:3:      layout_basic, serial_shops, nicolae_shop_overgrown_old_shop,
          uniq_ijyb, uniq_natasha
D:4:      layout_loops_cross, serial_glass, glass_columns_a, glass_columns_a,
          serial_shops, shop, minmay_misc_feat_chi
D:5:      layout_loops_ring, minmay_temple_entry_purple_smoke,
          kennysheep_generic_room_13, uniq_grinder
D:6:      cheibrodos_fzero, layout_cave_pools,
          grunt_temple_overflow_growth_and_decay, old_standard_altar
D:7:      layout_basic, slow_altar_2
Temple:   dshaligram_water_room_temple

Skill      XL: |  1  2  3  4  5  6  7  8 |
---------------+-------------------------+-----
Bows           | 5 6 7 8 10 11 | 11.7
Fighting       | |  2.1
Dodging        | |  1.5
Stealth        | |  1.1

Action                   |  1- 3 |  4- 6 |  7- 9 || total
-------------------------+-------+-------+-------++-------
 Fire: Shortbow          |   101 |   132 |   175 ||   408
Evoke: Wand              |       |     1 |     2 ||     3
  Use: Scroll            |     4 |     8 |     5 ||    17
       Potion            |       |     1 |     4 ||     5
Armor: Leather armour    |    27 |       |       ||    27
       Ring mail         |     3 |    32 |    48 ||    83
Dodge: Dodged            |    56 |    40 |    66 ||   162

Table legend: (Time is in decaauts)
 A = Elapsed time spent in this place.
 B = Non-inter-level travel time spent in this place.
 C = Inter-level travel time spent in this place.
 D = Time resting spent in this place.
 E = Time spent auto-exploring this place.
 F = Levels seen in this place.
 G = Mean time per level.
                   A        B        C        D        E       F      G
               +--------+--------+--------+--------+--------+-----+--------+
         Total |   4807 |   4539 |    268 |   1087 |   2585 |   8 |  600.9 |
       Dungeon |   4695 |   4441 |    254 |   1087 |   2525 |   7 |  670.7 |
        Temple |    111 |     97 |     14 |      0 |     60 |   1 |  111.0 |
               +--------+--------+--------+--------+--------+-----+--------+

Top non-repeatable levels by time:
     D:5: 1105 daAuts
     D:4: 966 daAuts
     D:2: 906 daAuts
     D:3: 901 daAuts
     D:1: 630 daAuts
     D:6: 139 daAuts
  Temple: 111 daAuts
     D:7: 47 daAuts
